 Dungeon Crawl Stone Soup version 0.30-a0-939-gc8157cb160 (webtiles) character file.

Game seed: 1868384684666895408

46 Iniera the Conjurer (level 3, 0/19 HPs)
             Began as a Kobold Conjurer on Mar 26, 2023.
             Slain by an orc wizard
             ... wielding a +1 dagger of draining
              (4 damage)
             ... on level 3 of the Dungeon.
             The game lasted 00:01:57 (1914 turns).

Iniera the Conjurer (Kobold Conjurer)               Turns: 1914, Time: 00:01:58

Health: 0/19       AC:  2    Str:  4    XL:     3   Next: 92%
Magic:  1/6        EV: 14    Int: 21    God:
Gold:   156        SH:  0    Dex: 13    Spells: 4/7 levels left

rFire   . . .      SeeInvis .    c - staff of conjuration
rCold   . . .      Faith    .    (shield currently unavailable)
rNeg    . . .      Spirit   .    a - +0 robe
rPois   .          Reflect  .    (no helmet)
rElec   .          Rampage  .    (no cloak)
rCorr   .                        (no gloves)
Will    .....                    (no boots)
Stlth   ++                       (no amulet)
HPRegen 0.23/turn                (no ring)
MPRegen 0.10/turn                (no ring)

@: confused
A: small, no large weapons, nightstalker 3
a: no special abilities


You were on level 3 of the Dungeon.
You visited 1 branch of the dungeon, and saw 3 of its levels.

You collected 156 gold pieces.

Inventory:

Armour
 a - a +0 robe (worn)
Magical Staves
 c - a staff of conjuration (weapon)
Jewellery
 e - an amulet of magic regeneration
Scrolls
 f - a scroll of enchant weapon {unknown}
 g - a scroll of amnesia {unknown}
Potions
 b - a potion of magic
 d - a potion of heal wounds {unknown}


   Skills:
 - Level 2.4 Dodging
 - Level 2.6 Stealth
 + Level 2.5 Spellcasting
 * Level 5.1 Conjurations


You had 4 spell levels left.
You knew the following spells:

 Your Spells              Type           Power      Damage    Failure   Level
a - Magic Dart            Conj           100%       1d8       1%          1
b - Searing Ray           Conj           72%        2d7       2%          2

Your spell library contained the following spells:

 Spells                   Type           Power      Damage    Failure   Level
 Dazzling Flash           Conj/Hex       40%        N/A       14%         3
 Fulminant Prism          Conj/Hex       10%        3d9       43%         4
 Iskenderun's Mystic Bla  Conj/Tloc      20%        2d6       43%         4


Dungeon Overview and Level Annotations

Branches:
Dungeon (3/15)

Altars:
Okawaru


Innate Abilities, Weirdness & Mutations

You are small and have problems with some larger weapons.
You are completely attuned to the shadows.


Message History

An orc comes into view. It is wielding a +0 hand axe.
Casting: Magic Dart (safe; 1% risk of failure)
Confirm with . or Enter, or press ? or * to list all spells.
Aiming: Searing Ray (safe; 2% risk of failure)
Press: ? - help, Shift-Dir - straight line, f - orc
Aim: an orc, wielding a +0 hand axe (81% to hit)
You feel a surge of power!
The searing ray hits something!
The searing ray hits the orc wizard!
The orc wizard is severely wounded.
The searing ray hits the orc.
The orc is heavily wounded. (Press . to maintain the ray.)
Something hits you.
The searing ray hits the orc!
You kill the orc!
Something hits you but does no damage.
An orc comes into view. It is wielding a +0 club.
The searing ray hits the orc wizard.
The orc wizard is almost dead.
You hear some strange, mumbled words.
You are confused.
Unknown command.
You bump into the rock wall.
The orc wizard casts a spell at you. The magic dart hits you.
Something hits you.
Unknown command.
In your confused state, you trip and fall back down the stairs.
The orc wizard points at you and mumbles some strange words.
You resist with significant effort.
You hear some strange, mumbled words.
You are more confused.
Unknown command.
Unknown command.
Unknown command.
Unknown command.
Unknown command.
Something hits you.
* * * LOW HITPOINT WARNING * * *
The orc wizard hits you with a +1 dagger of draining.
You die...

>....##
###......
.).o...#
#{o....
#@..#
##.## .#
.# .#


You could see an orc wizard and an orc.

Vanquished Creatures
  A dart slug (D:2)
  An orc (D:3)
  5 ball pythons
  4 bats
  4 endoplasms
  2 giant cockroaches
  5 goblins
  4 hobgoblins
  A kobold (D:1)
  2 quokkas
  3 frilled lizards
  6 rats
38 creatures vanquished.

Notes
Turn   | Place    | Note
-------+----------+-------------------------------------------
     0 | D:1      | Iniera the Kobold Conjurer began the quest for the Orb.
     0 | D:1      | Reached XP level 1. HP: 10/10 MP: 3/3
   343 | D:1      | Reached XP level 2. HP: 15/15 MP: 3/5
   367 | D:1      | Found a faded altar of an unknown god.
   457 | D:1      | Learned a level 2 spell: Searing Ray
   892 | D:2      | Reached XP level 3. HP: 19/19 MP: 2/6
  1202 | D:2      | Found an iron altar of Okawaru.
  1211 | D:2      | Reached skill level 5 in Conjurations
  1600 | D:2      | Identified the +6 whip "Zystruste" {heavy, rElec rF- Will+
                  | Str+3 Stlth+}
  1914 | D:3      | Slain by an orc wizard

Illustrated notes

Levels and vault maps discovered:
D:1:      shiori_arrival_oz, layout_loops_ring, basic_ecumenical_altar
D:2:      layout_basic, serial_corexii_hall, chequers_hall_statues_corner_a,
          chequers_hall_statues_wall_a, basic_altar
D:3:      layout_loops_ring, kennysheep_jessica_study

Skill      XL: |  1  2  3 |
---------------+----------+-----
Conjurations   | 5 |  5.1
Dodging        | |  2.4
Stealth        | |  2.6
Spellcasting   | |  2.5

Action                     || total
---------------------------++-------
  Melee: Staff             ||     8
   Cast: Magic Dart        ||    61
         Searing Ray       ||     1
 Armour: Robe              ||     2
  Dodge: Dodged            ||    10

Table legend: (Time is in decaauts)
 A = Elapsed time spent in this place.
 B = Non-inter-level travel time spent in this place.
 C = Inter-level travel time spent in this place.
 D = Time resting spent in this place.
 E = Time spent auto-exploring this place.
 F = Levels seen in this place.
 G = Mean time per level.
                   A        B        C        D        E       F      G
               +--------+--------+--------+--------+--------+-----+--------+
         Total |   1914 |   1889 |     25 |      0 |   1730 |   3 |  638.0 |
       Dungeon |   1914 |   1889 |     25 |      0 |   1730 |   3 |  638.0 |
               +--------+--------+--------+--------+--------+-----+--------+

Top non-repeatable levels by time:
     D:2: 1022 daAuts
     D:1: 884 daAuts
     D:3: 7 daAuts
